 Dungeon Crawl Stone Soup version 0.23.2-33-g5129a83184 (webtiles) character file.

Game seed: 14524598291206340355

84 Folque the Conjurer (level 4, -2/35 HPs)
             Began as a Demigod Conjurer on July 10, 2019.
             Slain by an orc priest
             ... wielding a +0 flail
              (5 damage)
             ... on level 3 of the Dungeon.
             The game lasted 00:05:31 (1794 turns).

Folque the Conjurer (Demigod Conjurer)              Turns: 1794, Time: 00:05:32

Health: -2/35      AC:  2    Str: 11    XL:     4   Next: 4%
Magic:  6/10       EV: 12    Int: 21    God:
Gold:   87         SH:  0    Dex: 16    Spells: 2/8 levels left

rFire    . . .     SeeInvis .   s - +2 mace (crush)
rCold    . . .     Gourm    .   (no shield)
rNeg     . . .     Faith    .   a - +0 robe
rPois    .         Spirit   .   (no helmet)
rElec    .         Reflect  .   (no cloak)
rCorr    .         Harm     .   (no gloves)
MR       .....                  (no boots)
Stlth    ++........             (no amulet)
HPRegen  0.11/turn              (no ring)
MPRegen  0.12/turn              (no ring)

@: no status effects
A: high mp 1
a: no special abilities


You were on level 3 of the Dungeon.
You were not hungry.

You visited 1 branch of the dungeon, and saw 3 of its levels.

You collected 87 gold pieces.

Inventory:

Hand Weapons
 d - a +0 dagger
 i - a +0 short sword
 s - a +2 mace of crushing (weapon)
Missiles
 b - 3 tomahawks (quivered)
Armour
 a - a +0 robe (worn)
Jewellery
 f - an uncursed amulet of rage {unknown}
 g - an uncursed ring of positive energy {unknown}
 o - an uncursed ring of ice {unknown}
 p - a cursed ring of teleportation {unknown}
 r - a cursed -3 ring of intelligence {unknown}
Scrolls
 k - 3 scrolls of remove curse {unknown}
 n - 4 scrolls of teleportation {unknown}
 t - 3 scrolls of identify {unknown}
 u - a scroll of enchant armour {unknown}
Potions
 e - a potion of agility {unknown}
 h - a potion of curing {unknown}
 j - a potion of heal wounds {unknown}
 l - a potion of flight {unknown}
 m - a potion of invisibility {unknown}
Comestibles
 c - 5 rations
 q - 8 chunks of flesh


   Skills:
 - Level 1.0 Fighting
 - Level 1.7 Dodging
 - Level 1.7 Stealth
 * Level 2.7 Spellcasting
 + Level 4.3 Conjurations
 + Level 0.9 Hexes


You had 2 spell levels left.
You knew the following spells:

 Your Spells              Type           Power        Failure   Level  Hunger
a - Magic Dart            Conj           ###.         2%          1    None
b - Searing Ray           Conj           ###...       3%          2    ##.....
c - Dazzling Spray        Conj/Hex       ##....       14%         3    ###....

Your spell library contained the following spells:

 Spells                   Type           Power        Failure   Level  Hunger
 Iskenderun's Mystic Bla  Conj           ###.....     24%         4    ####...
 Fulminant Prism          Conj/Hex       ##........   43%         4    ####...
 Force Lance              Conj/Tloc      ##......     50%         4    ####...


Dungeon Overview and Level Annotations

Branches:
Dungeon (3/15)


Innate Abilities, Weirdness & Mutations

You have an increased reservoir of magic. (+10% MP)


Message History

Beogh smites you!
You closely miss the orc priest.
The orc priest is heavily wounded.
Casting: Searing Ray (safe; 3% risk of failure)
Confirm with . or Enter, or press ? or * to list all spells.
Aiming: Searing Ray (safe; 3% risk of failure)
Press: ? - help, Shift-Dir - straight line, f - orc priest
Aim: an orc priest, wielding a +0 flail and wearing a +0 leather armour (heavily wounded)
The searing ray hits the orc.
The orc is almost dead. (Press . to maintain the ray.)
The orc priest invokes the aid of Beogh against you.
Beogh smites you!
* * * LOW HITPOINT WARNING * * *
The searing ray hits the orc.
You kill the orc!
The searing ray hits the orc priest.
The orc priest is heavily wounded.
The orc priest hits you with a +0 flail.
You die...

##.......#
#........
#.#.....#
.......#
#......# .o....#
#### ##o....#
#... #.@....#
#.#####.####....
#$#.....# #
#.#.....# .
#.#....## #..#
#....#
..#...#.รท.##
......#...##
......##...# ##.


You could see an orc priest and an orc.

Vanquished Creatures
  3 adders
  An ooze (D:2)
  A worm (D:3)
  4 dart slugs
  An orc (D:3)
  A giant cockroach (D:2)
  3 goblins
  7 hobgoblins
  4 jackals (D:1)
  A ball python (D:3)
  2 bats
  5 frilled lizards
  5 kobolds
  7 rats
45 creatures vanquished.

Notes
Turn   | Place    | Note
-------+----------+-------------------------------------------
     0 | D:1      | Folque the Demigod Conjurer began the quest for the Orb.
     0 | D:1      | Reached XP level 1. HP: 14/14 MP: 5/5
   247 | D:1      | Reached XP level 2. HP: 17/22 MP: 7/7
   251 | D:1      | Learned a level 2 spell: Searing Ray
   324 | D:1      | Reached skill level 4 in Conjurations
   829 | D:1      | Reached skill level 1 in Fighting
   857 | D:1      | Reached XP level 3. HP: 21/28 MP: 4/8
   862 | D:1      | Learned a level 3 spell: Dazzling Spray
  1064 | D:2      | Found an ancient bone altar of Kikubaaqudgha.
  1768 | D:3      | Reached XP level 4. HP: 35/35 MP: 10/10
  1794 | D:3      | Slain by an orc priest

Skill      XL: |  1  2 |
---------------+-------+-----
Spellcasting   | 2 |  2.7
Conjurations   | 4 |  4.3
Fighting       | 1 |  1.0
Dodging        | |  1.7
Stealth        | |  1.7
Hexes          | |  0.9

Action                   |  1- 3 |  4- 6 || total
-------------------------+-------+-------++-------
Melee: Dagger            |    32 |       ||    32
       Unarmed           |     5 |       ||     5
       Short sword       |    52 |       ||    52
       Mace              |     5 |     7 ||    12
 Cast: Magic Dart        |    17 |       ||    17
       Searing Ray       |     6 |     1 ||     7
       Dazzling Spray    |     1 |       ||     1
 Stab: Sleeping          |     5 |       ||     5
       Distracted        |     1 |       ||     1
  Eat: Chunk             |     3 |     1 ||     4
Armor: Robe              |    10 |     1 ||    11
Dodge: Dodged            |    57 |     4 ||    61
